 Dungeon Crawl Stone Soup version 0.27.1-33-g824d729ab1 (webtiles) character file.

Game seed: 6360117887367780393

323 demibob the Carver (level 6, -7/51 HPs)
             Began as a Minotaur Chaos Knight on Nov 26, 2021.
             Was a Plaything of Xom.
             Mangled by a soul eater (27 damage)
             ... summoned by Xom
             ... on level 3 of the Dungeon.
             The game lasted 00:06:56 (2658 turns).

demibob the Carver (Minotaur Chaos Knight)          Turns: 2658, Time: 00:06:57

Health: -7/51      AC:  6    Str: 17    XL:     6   Next: 23%
Magic:  5/5        EV: 11    Int:  7    God:    Xom [......]
Gold:   43         SH:  0    Dex: 11    Spells: 5/5 levels left

rFire    . . .     SeeInvis .   a - +0 falchion (chaos)
rCold    . . .     Faith    .   (no shield)
rNeg     . . .     Spirit   .   b - +3 leather armour
rPois    .         Reflect  .   (helmet restricted)
rElec    .         Harm     .   (no cloak)
rCorr    .         Rampage  .   (no gloves)
Will     +....     Clarity  +   (no boots)
Stlth    +.........             (no amulet)
HPRegen  0.17/turn              (no ring)
MPRegen  0.09/turn              (no ring)

@: no status effects
A: horns 2, retaliatory headbutt, clarity, dopey 1, strong-willed 1, mutation
resistance 1
a: Renounce Religion


You were on level 3 of the Dungeon.
You worshipped Xom.
You were a very special plaything of Xom.
You visited 1 branch of the dungeon, and saw 3 of its levels.

You collected 43 gold pieces.


Innate Abilities, Weirdness & Mutations

You have a pair of horns on your head.
You reflexively headbutt those who attack you in melee.
You possess an exceptional clarity of mind.
You are dopey. (Int -2)
You are strong-willed. (Will+)
You are somewhat resistant to further mutation.


   Skills:
 - Level 3.6 Fighting
 + Level 8.5 Long Blades
 - Level 2.4 Armour
 - Level 1.1 Dodging


You had 5 spell levels left.
You didn't know any spells.
Your spell library was empty.

Inventory:

Hand Weapons
 a - a +0 falchion of chaos (weapon)
Missiles
 c - 8 atropa-tipped darts (quivered)
Armour
 b - a +3 leather armour (worn)
Wands
 g - a wand of paralysis (11)
Scrolls
 e - a scroll of identify {@r1}
Potions
 f - a potion of degeneration

Dungeon Overview and Level Annotations

Branches:
Dungeon (3/15)

Altars:

#.# ## #.#
.####.# ......#
..##### ....#
#.#.# ..#.####
#########
###.[..#
#@35....#
####.#
#######5####.##
#.# #...).#.#
#.# #.#
#.###.#.# #.#
######.# #.#
#.#.# #.#
.#.....# #.#
#.#.####.#
.#.#######.#
#.#......#
.#.<#......#
#.#####..#
.#..#.######
#....##..#


You could see a soul eater (summoned, strong, very poisoned), a crimson imp
(summoned) and a white imp (summoned).


Message History

Press: ? - help, Shift-Dir - straight line, f - soul eater
Aim: a soul eater (summoned, chance to affect: 0%)
Okay, then.
Unknown command.
Unknown command.
Unknown command.
Unknown command.
Unknown command.
You hit the soul eater.
The soul eater seems to grow stronger.
You headbutt the soul eater.
The soul eater is lightly wounded.
The white imp hits you but does no damage.
The soul eater misses you.
You riposte.
You hit the soul eater but do no damage.
The soul eater is lightly wounded.
You hit the soul eater.
The soul eater convulses.
Your headbutt misses the soul eater.
The soul eater is lightly wounded.
The white imp closely misses you. You furiously retaliate!
You headbutt the white imp, but do no damage.
You riposte.
You completely miss the white imp. The soul eater hits you!
* * * LOW HITPOINT WARNING * * *
You hit the soul eater but do no damage.
The soul eater is poisoned.
The soul eater is lightly wounded.
The white imp gestures at you.
The puff of frost hits you but does no damage.
The soul eater hits you!!
Ouch! That really hurt!
You die...

Skill      XL: |  1  2  3  4  5 |
---------------+----------------+-----
Long Blades    | 4 5 6 8 |  8.5
Fighting       | |  3.6
Armour         | |  2.4
Dodging        | |  1.1

Action                   |  1- 3 |  4- 6 || total
-------------------------+-------+-------++-------
Melee: Falchion          |    78 |    93 ||   171
       Headbutt          |     9 |    12 ||    21
Throw: Dart              |       |     1 ||     1
  Use: Potion            |       |     2 ||     2
       Scroll            |       |     5 ||     5
 Stab: Confused          |     1 |       ||     1
       Petrifying        |     1 |       ||     1
       Invisible         |       |     1 ||     1
Armor: Leather armour    |    21 |    42 ||    63
Dodge: Dodged            |    37 |    53 ||    90
       Rpst.: Falchion   |    12 |    15 ||    27

Levels and vault maps discovered:
D:1:      heliophobic_arrival_battle_scene, layout_basic,
          basic_ecumenical_altar, minmay_pentomino_s2
D:2:      layout_basic
D:3:      layout_basic, marbit_many_paths, serial_bayou_pond_d, uniq_sigmund

Notes
Turn   | Place    | Note
-------+----------+-------------------------------------------
     0 | D:1      | demibob the Minotaur Chaos Knight began the quest for the
                  | Orb.
     0 | D:1      | Reached XP level 1. HP: 19/19 MP: 0/0
    27 | D:1      | Reached skill level 4 in Long Blades
   109 | D:1      | Reached XP level 2. HP: 26/26 MP: 1/1
   130 | D:1      | XOM: divination: detect creatures
   181 | D:1      | Found a faded altar of an unknown god.
   190 | D:1      | Reached skill level 5 in Long Blades
   335 | D:1      | Reached XP level 3. HP: 26/31 MP: 2/2
  1011 | D:2      | Reached skill level 6 in Long Blades
  1011 | D:2      | Reached XP level 4. HP: 29/39 MP: 3/3
  1017 | D:2      | XOM: 1-stop teleportation journey
  1075 | D:2      | XOM: 2-stop teleportation journey
  1222 | D:2      | Gained mutation: You possess an exceptional clarity of
                  | mind. [potion of mutation]
  1222 | D:2      | Gained mutation: You are dopey. (Int -2) [potion of
                  | mutation]
  1222 | D:2      | Gained mutation: You are somewhat resistant to further
                  | mutation. [potion of mutation]
  1236 | D:2      | XOM: divination: detect creatures
  1267 | D:2      | XOM: give mutation
  1267 | D:2      | Gained mutation: You are strong-willed. (Will+) [Xom's
                  | grace]
  1473 | D:2      | XOM: noise
  1487 | D:2      | Reached XP level 5. HP: 44/45 MP: 4/4
  1575 | D:2      | Reached skill level 7 in Long Blades
  1727 | D:2      | XOM: summons 2 hostile demons
  2226 | D:3      | XOM: stat loss: -1 Dex (9/10)
  2268 | D:3      | Noticed Sigmund
  2279 | D:3      | Killed Sigmund
  2280 | D:3      | Reached skill level 8 in Long Blades
  2280 | D:3      | Reached XP level 6. HP: 28/51 MP: 5/5
  2596 | D:3      | XOM: silly message
  2648 | D:3      | XOM: summons 4 hostile demons
  2649 | D:3      | Noticed a soul eater
  2658 | D:3      | Mangled by a soul eater

Vanquished Creatures
  Sigmund (D:3)
  A killer bee (D:2)
  3 adders
  2 worms (D:2)
  2 dart slugs
  7 endoplasms
  3 giant cockroaches
  8 goblins
  5 hobgoblins
  8 jackals
  2 quokkas (D:1)
  10 ball pythons
  5 bats
  5 frilled lizards
  8 kobolds
  5 rats
75 creatures vanquished.

Table legend: (Time is in decaauts)
 A = Elapsed time spent in this place.
 B = Non-inter-level travel time spent in this place.
 C = Inter-level travel time spent in this place.
 D = Time resting spent in this place.
 E = Time spent auto-exploring this place.
 F = Levels seen in this place.
 G = Mean time per level.
                   A        B        C        D        E       F      G
               +--------+--------+--------+--------+--------+-----+--------+
         Total |   2657 |   2637 |     20 |    313 |   1883 |   3 |  885.7 |
       Dungeon |   2657 |   2637 |     20 |    313 |   1883 |   3 |  885.7 |
               +--------+--------+--------+--------+--------+-----+--------+

Top non-repeatable levels by time:
     D:2: 1072 daAuts
     D:1: 801 daAuts
     D:3: 782 daAuts

Table legend:
 A = Non-vault XP
 B = Vault XP
 C = Vault XP percentage of total XP
 D = Non-vault monster count
 E = Vault monster count
 F = Vault count percentage of total count
                 A         B        C        D         E       F
            +---------+---------+-------+---------+---------+-------
      Total |     231 |     231 |  50.0 |      72 |       3 |   4.0
            +---------+---------+-------+---------+---------+-------
        D:1 |      49 |       4 |   7.5 |      21 |       2 |   8.7
        D:2 |     149 |       0 |   0.0 |      30 |       0 |   0.0
        D:3 |      33 |     227 |  87.3 |      21 |       1 |   4.5
            +---------+---------+-------+---------+---------+-------
